 Dungeon Crawl Stone Soup version 0.30-a0-1016-gfb0d676c02 (webtiles) character file.

Game seed: 14885399465447988025

583 voltaire321 the Stinger (level 7, -3/51 HPs)
             Began as a Demonspawn Venom Mage on Apr 7, 2023.
             Killed from afar by a white imp (7 damage)
             ... with a puff of frost
             ... on level 5 of the Dungeon.
             The game lasted 00:10:10 (3789 turns).

voltaire321 the Stinger (Demonspawn Venom Mage)     Turns: 3789, Time: 00:10:11

Health: -3/51      AC:  6    Str: 10    XL:     7   Next: 14%
Magic:  12/12      EV: 12    Int: 22    God:
Gold:   267        SH:  4    Dex: 14    Spells: 7/12 levels left

rFire   . . .      SeeInvis .    k - +2 short sword (elec)
rCold   . . .      Faith    .    a - +0 buckler
rNeg    . . .      Spirit   .    w - +0 leather armour
rPois   .          Reflect  .    (helmet restricted)
rElec   .          Rampage  .    x - +0 cloak
rCorr   .                        (no gloves)
Will    .....                    s - +0 pair of boots
Stlth   ++                       t - amulet of regeneration
HPRegen 1.08/turn                r - +6 ring of intelligence
MPRegen 0.26/turn                (no ring)

@: no status effects
A: horns 1, spiny 1, magic regeneration, sharp scales 1
a: no special abilities


You were on level 5 of the Dungeon.
You visited 1 branch of the dungeon, and saw 5 of its levels.

You collected 267 gold pieces.

Inventory:

Hand Weapons
 f - a +1 spear of flaming
 k - a +2 short sword of electrocution (weapon)
Armour
 a - a +0 buckler (worn)
 s - a +0 pair of boots (worn)
 w - a +0 leather armour (worn)
 x - a +0 cloak (worn)
Jewellery
 r - a +6 ring of intelligence (left hand)
 t - an amulet of regeneration (around neck)
Wands
 p - a wand of iceblast (16)
 C - a wand of flame (24)
Scrolls
 d - 4 scrolls of identify {unknown}
 h - 2 scrolls of blinking {unknown}
 i - a scroll of fog {unknown}
 m - 2 scrolls of teleportation {unknown}
 o - a scroll of noise {unknown}
 q - a scroll of magic mapping {unknown}
 u - a scroll of vulnerability {unknown}
 v - a scroll of immolation {unknown}
 y - a scroll of fear {unknown}
 B - a scroll of butterflies {unknown}
Potions
 b - 2 potions of magic
 c - a potion of berserk rage {unknown}
 e - 6 potions of curing
 g - 2 potions of might {unknown}
 j - a potion of degeneration {unknown}
 l - 3 potions of haste {unknown}
 n - a potion of invisibility {unknown}
 z - 2 potions of attraction {unknown}
 A - a potion of heal wounds {unknown}


   Skills:
 + Level 2.8 Fighting
 + Level 2.4 Armour
 + Level 3.3 Dodging
 - Level 1.7 Stealth
 + Level 1.3 Shields
 + Level 3.4 Spellcasting
 - Level 2.0 Transmutations
 + Level 4.3 Poison Magic


You had 7 spell levels left.
You knew the following spells:

 Your Spells              Type           Power      Damage    Failure   Level
a - Sting                 Tmut/Pois      68%        1d6       6%          1
b - Olgreb's Toxic Radia  Pois           23%        N/A       34%         4

Your spell library contained the following spells:

 Spells                   Type           Power      Damage    Failure   Level
 Poisonous Vapours        Pois/Air       26%        N/A       13%         2
 Mephitic Cloud           Conj/Pois/Air  10%        N/A       34%         3


Dungeon Overview and Level Annotations

Branches:
Dungeon (5/15)
 Temple: D:4-7

Altars:
Nemelex Xobeh
Xom


Innate Abilities, Weirdness & Mutations

You have a pair of small horns on your head.
You are partially covered in sharp spines.
You regenerate magic rapidly.
You are partially covered in razor-sharp scales. (AC +1, Slay +1)


Message History

The centaur kicks you but does no damage.
The white imp completely misses you. The centaur hits you.
The centaur kicks you.
You hit the centaur.
The centaur is heavily wounded.
The centaur barely misses you. The centaur kicks you.
* * * LOW HITPOINT WARNING * * *
You block the white imp's attack. The centaur closely misses you.
The centaur kicks you but does no damage.
The white imp closely misses you. You block the centaur's attack.
The centaur kicks you but does no damage.
You closely miss the white imp. You headbutt the white imp.
The white imp is moderately wounded.
You block the centaur's attack. The centaur closely misses you.
The white imp hits you but does no damage.
You barely miss the white imp.
The white imp is moderately wounded.
The centaur hits you.
* * * LOW HITPOINT WARNING * * *
The centaur kicks you but does no damage.
The white imp gestures at you. The puff of frost hits you!
* * * LOW HITPOINT WARNING * * *
The centaur is struck by your spines. The centaur barely misses you.
The centaur kicks you but does no damage.
You barely miss the white imp.
You headbutt the white imp, but do no damage.
The white imp is moderately wounded.
The centaur hits you but does no damage.
The centaur misses you. The white imp hits you.
* * * LOW HITPOINT WARNING * * *
The white imp freezes you.
* * * LOW HITPOINT WARNING * * *
It was a potion of curing.
You feel better. You block the centaur's attack. The centaur kicks you.
* * * LOW HITPOINT WARNING * * *
The white imp gestures at you. The puff of frost hits you!
You die...

## .. ####
### #. #.. #
###
....#.##.##
.# ##.##
##.##
#.......##.#
##.#.## ...
#...@c....#
##.###.##
...
#..#5.....#
#.## ##..
... ....
#......#
##.###.##
#.# ####
#......#
##.#.### #.#
#.##......#
##.###. #.#
#.........#
#....# ##'##
#####.#####
#####.
##...##
######.# #.
##.....##
#...##.#
####.


You could see a centaur and a white imp.

Vanquished Creatures
  An ogre (D:4)
  A scorpion (D:5)
  4 hounds
  An orc priest (D:3)
  An iguana (D:4)
  Terence (D:2)
  Ijyb (D:5)
  3 gnolls (D:5)
  9 adders
  A white imp (D:5)
  An ufetubus (D:5)
  2 worms (D:2)
  2 dart slugs
  7 orcs
  10 endoplasms
  6 giant cockroaches
  5 goblins
  10 hobgoblins
  2 jackals (D:5)
  2 quokkas
  5 ball pythons
  8 bats
  3 frilled lizards
  7 kobolds
  3 rats
96 creatures vanquished.

Vanquished Creatures (others)
  3 fungi (D:3)
  A plant (D:4)
  5 toadstools (D:3)
9 creatures vanquished.

Grand Total: 105 creatures vanquished

Notes
Turn   | Place    | Note
-------+----------+-------------------------------------------
     0 | D:1      | voltaire321 the Demonspawn Venom Mage began the quest for
                  | the Orb.
     0 | D:1      | Reached XP level 1. HP: 13/13 MP: 3/3
    83 | D:1      | Reached skill level 1 in Transmutations
   277 | D:1      | Gained mutation: You have a pair of small horns on your
                  | head. [demonic ancestry]
   277 | D:1      | Reached XP level 2. HP: 14/20 MP: 1/5
   977 | D:2      | Gained mutation: You are partially covered in razor-sharp
                  | scales. (AC +1, Slay +1) [demonic ancestry]
   977 | D:2      | Reached XP level 3. HP: 16/25 MP: 3/6
  1023 | D:2      | Reached skill level 1 in Fighting
  1135 | D:2      | Noticed Terence
  1146 | D:2      | Killed Terence
  1147 | D:2      | Gained mutation: You regenerate magic rapidly. [demonic
                  | ancestry]
  1147 | D:2      | Reached XP level 4. HP: 14/32 MP: 7/7
  1336 | D:2      | Found a faded altar of an unknown god.
  1721 | D:3      | Reached skill level 1 in Armour
  2029 | D:3      | Gained mutation: You are partially covered in sharp spines.
                  | [demonic ancestry]
  2029 | D:3      | Reached XP level 5. HP: 35/37 MP: 9/9
  2267 | D:4      | Noticed an ogre
  2278 | D:4      | Learned a level 4 spell: Olgreb's Toxic Radiance
  2297 | D:4      | Killed an ogre
  2329 | D:4      | Reached XP level 6. HP: 44/44 MP: 7/10
  2336 | D:4      | Reached skill level 4 in Poison Magic
  2340 | D:4      | Found a sparkling altar of Nemelex Xobeh.
  2982 | D:5      | Entered Level 5 of the Dungeon
  3134 | D:5      | Found a shimmering altar of Xom.
  3296 | D:5      | Reached skill level 1 in Shields
  3385 | D:5      | Reached XP level 7. HP: 40/51 MP: 10/12
  3681 | D:5      | Noticed Ijyb
  3690 | D:5      | Killed Ijyb
  3788 | D:5      | HP: 1/51 [white imp (5)]
  3789 | D:5      | Killed from afar by a white imp

Illustrated notes

Levels and vault maps discovered:
D:1:      minmay_arrival_diagonal_passages, layout_basic
D:2:      layout_rooms, shapermc_ecumenical_altar_petra, uniq_terence
D:3:      layout_loops_ring, minmay_gold_behind_fungi
D:4:      layout_loops_ring, marbit_many_paths, mainiacjoe_overflow_boulevard
D:5:      layout_loops_corners, mainiacjoe_overflow_alcove_2, uniq_ijyb

Skill      XL: |  1  2  3  4  5  6 |
---------------+-------------------+-----
Transmutations | 1 2 |  2.0
Dodging        | 2 3 |  3.3
Fighting       | 1 2 |  2.8
Armour         | 1 2 |  2.4
Spellcasting   | 3 |  3.4
Poison Magic   | 4 |  4.3
Shields        | 1 |  1.3
Stealth        | |  1.7

Action                     |  1- 3 |  4- 6 |  7- 9 || total
---------------------------+-------+-------+-------++-------
  Melee: Unarmed           |     8 |       |       ||     8
         Spear             |    24 |       |       ||    24
         Headbutt          |     6 |    10 |     5 ||    21
         Short sword       |     9 |    84 |    18 ||   111
         Punch             |       |     1 |       ||     1
   Cast: Sting             |    38 |    36 |    11 ||    85
    Use: Potion            |       |       |     1 ||     1
   Stab: Distracted        |       |     2 |       ||     2
         Sleeping          |       |     9 |       ||     9
 Armour: Robe              |     3 |     5 |       ||     8
         Leather armour    |       |     8 |    14 ||    22
  Dodge: Dodged            |    18 |    32 |    16 ||    66
  Block: Buckler           |       |     7 |    12 ||    19

Table legend: (Time is in decaauts)
 A = Elapsed time spent in this place.
 B = Non-inter-level travel time spent in this place.
 C = Inter-level travel time spent in this place.
 D = Time resting spent in this place.
 E = Time spent auto-exploring this place.
 F = Levels seen in this place.
 G = Mean time per level.
                   A        B        C        D        E       F      G
               +--------+--------+--------+--------+--------+-----+--------+
         Total |   3791 |   3732 |     59 |    332 |   2544 |   5 |  758.2 |
       Dungeon |   3791 |   3732 |     59 |    332 |   2544 |   5 |  758.2 |
               +--------+--------+--------+--------+--------+-----+--------+

Top non-repeatable levels by time:
     D:1: 895 daAuts
     D:5: 808 daAuts
     D:4: 757 daAuts
     D:2: 665 daAuts
     D:3: 664 daAuts
